 Dungeon Crawl Stone Soup version 0.27-a0-109-g416527ed24 (webtiles) character file.

Game seed: 6843441139161265555

766 timneilson the Shield-Bearer (level 7, -6/44 HPs)
             Began as a Gargoyle Fighter on Jan 24, 2021.
             Killed by divine providence
             ... invoked by an orc priest
              (15 damage)
             ... on level 4 of the Dungeon.
             The game lasted 00:08:06 (3568 turns).

timneilson the Shield-Bearer (Gargoyle Fighter)     Turns: 3568, Time: 00:08:06

Health: -6/44      AC: 12    Str: 22    XL:     7   Next: 82%
Magic:  7/7        EV:  8    Int:  8    God:
Gold:   227        SH: 10    Dex:  9    Spells: 6/6 levels left

rFire    . . .     SeeInvis .   a - +0 long sword
rCold    . . .     Faith    .   c - +0 kite shield
rNeg     + . .     Spirit   .   b - +0 scale mail
rPois    ∞         Reflect  .   (no helmet)
rElec    +         Harm     .   (no cloak)
rCorr    .         Rampage  .   (no gloves)
Will     .....                  (no boots)
Stlth    ..........             (no amulet)
HPRegen  0.14/turn              (no ring)
MPRegen  0.10/turn              (no ring)

@: attractive
A: negative energy resistance 1, electricity resistance, unbreathing,
petrification resistance, miasma immunity, AC +4
a: no special abilities


You were on level 4 of the Dungeon.
You visited 1 branch of the dungeon, and saw 5 of its levels.

You collected 227 gold pieces.

Inventory:

Hand Weapons
 a - a +0 long sword (weapon)
Armour
 b - a +0 scale mail (worn)
 c - a +0 kite shield (worn)
Jewellery
 h - an uncursed ring of magical power {unknown}
Scrolls
 e - 2 scrolls of remove curse


   Skills:
 + Level 4.8 Fighting
 * Level 4.3 Long Blades
 * Level 5.9 Armour
 * Level 5.9 Shields


You had 6 spell levels left.
You didn't know any spells.
Your spell library was empty.

Dungeon Overview and Level Annotations

Branches:
Dungeon (5/15)
 Temple: D:4-7

Altars:
Ashenzari
Cheibriados
Makhleb
Nemelex Xobeh
Qazlal
Sif Muna
Wu Jian
Xom
Zin

Portals:
Abyss: D:3

Annotations:
D:3 2 transporters, Faydwarf's ghost, amateur MiBe
D:4 Blork the orc; Robin


Innate Abilities, Weirdness & Mutations

You are resistant to torment.
Your stone body is resilient. (AC +4)
You are immune to poison.
You resist negative energy. (rN+)
You are resistant to electric shocks. (rElec)
You can survive without breathing.
You are immune to petrification.
You are immune to miasma.


Message History

You block the orc's attack. The orc barely misses you.
You riposte.
You hit the orc.
The orc is heavily wounded.
You block the orc's attack. The hobgoblin is pulled toward you!
The orc is pulled toward you!
You hit the orc.
You kill the orc!
The orc hits you but does no damage. You block the orc's attack.
The orc hits you but does no damage. The orc priest is pulled toward you!
The orc is pulled toward you! x2
Unknown command.
You hit the orc.
The orc is heavily wounded.
The hobgoblin no longer looks unusually strong.
You block the orc's attack. The orc hits you but does no damage.
The orc barely misses you.
You riposte.
You hit the orc.
The orc is severely wounded.
The orc priest calls down the wrath of Beogh upon you.
Beogh smites you!
You die...

#......# ########## #......#
#........# #......# #........#
#......# #........# ......##
######........# .....#
#.........(...########...####..
#......>†.†....oooo...[§googg..
#..............@ogggo.g.googw..
#.......########################
#.......# #.......# #.#######
#.......# # #.......# #.......#
##.......# #........# #........#


You could see Robin, an orc priest, 5 orcs, a hobgoblin and 2 goblins.

Vanquished Creatures
  2 ice beasts (D:5)
  3 scorpions
  A bullfrog zombie (D:2)
  A hound (D:4)
  A centaur skeleton (D:4)
  An orc priest (D:4)
  2 bullfrog skeletons (D:4)
  An iguana (D:4)
  3 worker ants
  7 adders
  An ooze (D:1)
  A worm (D:2)
  2 leopard geckos
  3 orcs (D:4)
  2 ball pythons (D:2)
  2 giant cockroaches
  9 hobgoblins
  7 quokkas
  7 bats
  6 frilled lizards
  17 goblins
  8 kobolds
  11 rats
98 creatures vanquished.

Vanquished Creatures (others)
  A quokka (D:3)
  30 plants
31 creatures vanquished.

Grand Total: 129 creatures vanquished

Notes
Turn   | Place    | Note
-------+----------+-------------------------------------------
     0 | D:1      | timneilson the Gargoyle Fighter began the quest for the
                  | Orb.
     0 | D:1      | Reached XP level 1. HP: 14/14 MP: 1/1
   216 | D:1      | Reached XP level 2. HP: 16/19 MP: 2/2
   501 | D:1      | Reached XP level 3. HP: 20/23 MP: 3/3
  1211 | D:2      | Found a shimmering altar of Xom.
  1248 | D:2      | Reached XP level 4. HP: 22/28 MP: 4/4
  1477 | D:2      | You fall into a shaft and drop 2 floors!
  1483 | D:4      | Reached XP level 5. HP: 32/33 MP: 5/5
  1553 | D:4      | Reached XP level 6. HP: 22/38 MP: 6/6
  1559 | D:4      | Noticed Blork the orc
  1581 | D:3      | Found a broken altar of Ashenzari.
  1581 | D:3      | Found a sparkling altar of Nemelex Xobeh.
  1591 | D:3      | Found a one-way gate to the infinite horrors of the Abyss.
  1591 | D:3      | Noticed Faydwarf's ghost (amateur MiBe)
  1600 | D:3      | Noticed a small abomination
  1621 | D:3      | Found a transporter.
  1627 | D:3      | Found a transporter.
  1629 | D:3      | Identified the cursed +1 short sword of Nuna Huf {distort,
                  | Dex+2}
  1638 | D:3      | Found an ornate altar of the Wu Jian Council.
  1642 | D:3      | Found a burning altar of Makhleb.
  1736 | D:3      | Found a glowing silver altar of Zin.
  1932 | D:2      | Found a shimmering blue altar of Sif Muna.
  2451 | D:3      | Found a stormy altar of Qazlal.
  2552 | D:3      | Found a snail-covered altar of Cheibriados.
  2578 | D:3      | Reached skill level 5 in Shields
  2781 | D:3      | Reached skill level 5 in Armour
  3073 | D:4      | You fall into a shaft and drop 1 floor!
  3073 | D:5      | Entered Level 5 of the Dungeon
  3074 | D:5      | Noticed an ice beast
  3111 | D:5      | Killed an ice beast
  3112 | D:5      | Reached XP level 7. HP: 15/44 MP: 7/7
  3554 | D:4      | Noticed Robin
  3568 | D:4      | Killed from afar by an orc priest

Illustrated notes

Levels and vault maps discovered:
D:1:      scummos_arrival_forest, layout_loops_ring
D:2:      cheibrodos_helix_gallery, layout_loops_ring, lemuel_crystal_altar,
          led_sif_pool, serial_bayou, serial_bayou_shore_b,
          serial_bayou_crossing, serial_bayou_ford_a, serial_bayou_pond_c,
          serial_bayou_lagoon_a, serial_bayou_lake_a
D:3:      wad_woods_stonehenge, layout_basic, zin_academy,
          grunt_temple_overflow_open, gammafunk_ghost_abyssal_escape,
          grunt_qazlal_clouds
D:4:      layout_basic, hangedman_decor_growths, minmay_statues_item,
          uniq_robin, uniq_blork_the_orc
D:5:      layout_cave_pools, kiku_gazebo_pond_becter, gammafunk_ghost_hive,
          fedhas_altar_4

Skill      XL: |  1  2  3  4  5  6  7 |
---------------+----------------------+-----
Long Blades    | 2 3 4 |  4.3
Armour         | 4 5 |  5.9
Shields        | 4 5 |  5.9
Fighting       | 4 |  4.8

Action                   |  1- 3 |  4- 6 |  7- 9 || total
-------------------------+-------+-------+-------++-------
Melee: Long sword        |   149 |   216 |    78 ||   443
  Use: Scroll            |     2 |     4 |     1 ||     7
       Potion            |       |     5 |     1 ||     6
Armor: Scale mail        |    68 |   121 |    56 ||   245
Dodge: Dodged            |    52 |    74 |    35 ||   161
Block: Kite shield       |    93 |   109 |    53 ||   255
       Rpst.: Long sword |    21 |    23 |    12 ||    56

Table legend: (Time is in decaauts)
 A = Elapsed time spent in this place.
 B = Non-inter-level travel time spent in this place.
 C = Inter-level travel time spent in this place.
 D = Time resting spent in this place.
 E = Time spent auto-exploring this place.
 F = Levels seen in this place.
 G = Mean time per level.
                   A        B        C        D        E       F      G
               +--------+--------+--------+--------+--------+-----+--------+
         Total |   3793 |   3715 |     78 |    321 |   2312 |   5 |  758.6 |
       Dungeon |   3793 |   3715 |     78 |    321 |   2312 |   5 |  758.6 |
               +--------+--------+--------+--------+--------+-----+--------+

Top non-repeatable levels by time:
     D:2: 1245 daAuts
     D:3: 958 daAuts
     D:1: 870 daAuts
     D:5: 443 daAuts
     D:4: 274 daAuts
